 Dungeon Crawl Stone Soup version 0.28.0 (webtiles) character file.

Game seed: 2425268473470094552

9022 PoweredByGinger the Cleaver (level 11, -6/94 HPs)
             Began as a Hill Orc Fighter on Feb 15, 2022.
             Was a Priest of Beogh.
             Mangled by Nessos (10 damage)
             ... on level 12 of the Dungeon.
             The game lasted 00:21:56 (17066 turns).

PoweredByGinger the Cleaver (Hill Orc Fighter)     Turns: 17066, Time: 00:21:58

Health: -6/94      AC: 16    Str: 30    XL:     11   Next: 40%
Magic:  13/13      EV:  7    Int:  8    God:    Beogh [***...]
Gold:   611        SH:  7    Dex: 10    Spells: 10/10 levels left

rFire   . . .      SeeInvis .   a - +0 war axe
rCold   . . .      Faith    .   c - +0 buckler
rNeg    . . .      Spirit   .   K - +0 plate armour
rPois   .          Reflect  .   t - +2 hat
rElec   .          Harm     .   q - +1 cloak
rCorr   .          Rampage  .   (no gloves)
Will    .....                   (no boots)
Stlth   ..........              (no amulet)
HPRegen 0.25/turn               v - +6 ring of strength
MPRegen 0.13/turn               (no ring)

@: attractive
A: no striking features
a: Renounce Religion, Smiting


You were on level 12 of the Dungeon.
You worshipped Beogh.
Beogh was most pleased with you.
You visited 1 branch of the dungeon, and saw 13 of its levels.
You also visited: Sewer.

You collected 611 gold pieces.

Inventory:

Hand Weapons
 a - a +0 war axe (weapon)
 I - a +4 shortbow of flaming
 O - a +1 morningstar of freezing
Missiles
 f - 212 arrows
 g - 52 bolts
 j - 244 stones
 m - 24 poisoned darts (quivered)
 G - an atropa-tipped dart
Armour
 c - a +0 buckler (worn)
 q - a +1 cloak (worn)
 t - a +2 hat (worn)
 K - a +0 plate armour (worn)
Jewellery
 b - an amulet of magic regeneration
 d - a ring of protection from fire
 s - a ring of positive energy
 v - a +6 ring of strength (left hand)
 F - an amulet of regeneration
Scrolls
 e - a scroll of enchant weapon {unknown}
 i - 4 scrolls of enchant armour
 l - 4 scrolls of noise
 n - 2 scrolls of brand weapon
 r - 2 scrolls of blinking {unknown}
 w - a scroll of immolation {unknown}
 y - a scroll of amnesia {unknown}
 A - 3 scrolls of teleportation
 B - 2 scrolls of fear
 C - a scroll of magic mapping {unknown}
 D - 4 scrolls of vulnerability {unknown}
 N - a scroll of identify
Potions
 k - a potion of attraction
 o - a potion of mutation
 p - 2 potions of brilliance
 u - 2 potions of resistance
 x - 2 potions of flight {unknown}
 z - 2 potions of invisibility
 E - a potion of haste
 J - 3 potions of might
 L - a potion of berserk rage {unknown}
 M - a potion of lignification


   Skills:
 - Level 8.2 Fighting
 + Level 14.4 Axes
 - Level 5.4 Armour
 + Level 12.5 Shields
 + Level 3.6 Invocations


You had 10 spell levels left.
You didn't know any spells.
Your spell library contained the following spells:

 Spells                   Type           Power      Damage    Failure   Level
 Summon Small Mammal      Summ           0%         N/A       99%         1
 Call Canine Familiar     Summ           0%         N/A       100%        3
 Summon Guardian Golem    Hex/Summ       0%         N/A       100%        3
 Tukima's Dance           Hex            0%         N/A       100%        3
 Anguish                  Hex/Necr       0%         N/A       100%        4
 Enfeeble                 Hex            0%         N/A       100%        7


Dungeon Overview and Level Annotations

Branches:
Dungeon (13/15)              Lair (0/6) D:11          Sewer (visited)
 Temple: D:4-7          Orc: D:9-12      Vaults: D:13-14

Altars:
Nemelex Xobeh

Annotations:
D:9 Prince Ribbit
D:11 exclusion: upstairs
D:12 Nessos


Message History

Nessos unwields a +2 longbow of flaming.
It stops flaming.
Nessos wields a staff of cold.
Nessos completely misses you. Nessos barely misses you.
Unknown command.
You slash Nessos!
Nessos is heavily wounded.
Nessos says, "I'll learn you. I'll learn you yet!"
Nessos hits you but does no damage. Nessos freezes you.
Nessos kicks you but does no damage. You block Nessos's attack.
Nessos kicks you.
Unknown command.
You barely miss Nessos.
Nessos is heavily wounded.
Nessos hits you but does no damage. Nessos kicks you but does no damage.
Nessos hits you but does no damage. Nessos freezes you.
You block Nessos's attack.
Unknown command.
You hit Nessos but do no damage.
Nessos is heavily wounded.
You block Nessos's attack. Nessos kicks you but does no damage.
Nessos hits you but does no damage. Nessos freezes you!
* * * LOW HITPOINT WARNING * * *
Nessos kicks you but does no damage.
Unknown command.
You slash Nessos!
Nessos is heavily wounded.
Nessos hits you but does no damage. Nessos freezes you!
* * * LOW HITPOINT WARNING * * *
Nessos kicks you but does no damage. Nessos hits you but does no damage.
Nessos freezes you.
* * * LOW HITPOINT WARNING * * *
Nessos barely misses you.
You hit Nessos.
Nessos is heavily wounded.
Nessos hits you but does no damage. Nessos freezes you.
* * * LOW HITPOINT WARNING * * *
Nessos kicks you but does no damage. Nessos hits you with a staff of cold.
* * * LOW HITPOINT WARNING * * *
Nessos freezes you!
You die...

#...<..# #.....##
#.....# #.....##
#......#####.#########
#..................)..
#####.##########......
###.### #......
#..@c.##### #......
#.........## #......
#.>...###..###.<.)..
####### ##..........
###########


You could see Nessos (fast).

Vanquished Creatures
  A centaur warrior (D:13)
  A two-headed ogre (D:12)
  A tengu warrior (D:13)
  2 gargoyles
  2 trolls
  A raiju (shapeshifter) (D:13)
  A meliai zombie (D:11)
  2 vampires (D:12)
  A wraith (D:12)
  4 yaks (D:10)
  2 wyverns
  A steam dragon (D:8)
  3 wargs
  3 acid dragons
  2 water moccasins
  A sky beast (D:8)
  4 ogres
  6 centaurs
  2 phantoms
  2 kobold brigands
  3 bullfrogs
  2 scorpions (D:5)
  A water moccasin zombie (D:5)
  3 killer bees (D:10)
  4 howler monkeys
  2 electric eels (D:6)
  2 jellies
  4 centaur zombies
  2 hounds (D:4)
  A gnoll shaman (D:6)
  4 orc priests
  8 orc wizards
  An iguana (D:4)
  2 howler monkey zombies
  3 gnolls (D:6)
  3 river rats (Sewer)
  7 adders
  A white imp (D:8)
  3 adder skeletons (D:4)
  4 worms
  A dart slug (D:5)
  26 orcs
  6 endoplasms
  3 giant cockroaches
  7 goblins
  7 hobgoblins
  8 jackals
  3 quokkas
  12 ball pythons
  2 bats
  9 frilled lizards
  19 kobolds
  27 rats
232 creatures vanquished.

Vanquished Creatures (collateral kills)
  2 slime creatures
  A howler monkey (D:11)
3 creatures vanquished.

Vanquished Creatures (others)
  An orc knight (D:12)
  2 orc priests
  4 orcs
  5 plants (D:6)
12 creatures vanquished.

Grand Total: 247 creatures vanquished

Notes
Turn   | Place    | Note
-------+----------+-------------------------------------------
     0 | D:1      | PoweredByGinger the Hill Orc Fighter began the quest for
                  | the Orb.
     0 | D:1      | Reached XP level 1. HP: 19/19 MP: 1/1
    18 | D:1      | Reached skill level 3 in Axes
    31 | D:1      | Found a faded altar of an unknown god.
    31 | D:1      | Noticed a golden eye
    36 | D:1      | Noticed a floating eye
    40 | D:1      | Noticed a golden eye
    40 | D:1      | Noticed a great orb of eyes
    90 | D:1      | Reached XP level 2. HP: 17/26 MP: 2/2
  1248 | D:2      | Reached XP level 3. HP: 29/31 MP: 3/3
  1567 | D:2      | Reached skill level 4 in Axes
  2014 | D:3      | Reached XP level 4. HP: 37/39 MP: 4/4
  2392 | D:3      | Became a worshipper of Beogh the Brigand
  3183 | D:4      | You fall into a shaft and drop 2 floors!
  3184 | D:6      | Found a sparkling altar of Nemelex Xobeh.
  3219 | D:5      | Entered Level 5 of the Dungeon
  3227 | D:5      | Reached skill level 5 in Axes
  3227 | D:5      | Reached skill level 5 in Shields
  3227 | D:5      | Reached XP level 5. HP: 36/45 MP: 5/5
  3366 | D:5      | Noticed an ogre
  3386 | D:6      | Noticed a water moccasin
  3399 | D:6      | Killed a water moccasin
  3400 | D:6      | Reached skill level 6 in Axes
  3400 | D:6      | Reached XP level 6. HP: 13/51 MP: 6/6
  3792 | D:5      | Found a glowing drain.
  3808 | Sewer    | Entered a sewer
  3997 | Sewer    | Reached * piety under Beogh
  4155 | Sewer    | Reached skill level 7 in Axes
  4155 | Sewer    | Reached XP level 7. HP: 5/57 MP: 7/7
  4634 | D:5      | Identified the +4 leather armour "Omnouhur" {rPois Regen+
                  | Str-4 Stlth+}
  5008 | D:5      | Reached skill level 8 in Axes
  5662 | D:5      | Reached XP level 8. HP: 64/64 MP: 8/8
  5942 | D:4      | Reached skill level 9 in Axes
  6543 | D:4      | Reached ** piety under Beogh
  7726 | D:6      | Reached skill level 10 in Axes
  8344 | D:6      | Reached XP level 9. HP: 16/70 MP: 9/9
  9235 | D:8      | Reached skill level 11 in Axes
  9706 | D:9      | Noticed Prince Ribbit
  9724 | D:10     | Entered Level 10 of the Dungeon
  9916 | D:10     | Noticed a troll
  9959 | D:10     | HP: 2/70 [acid dragon (9)]
 10306 | D:10     | Reached skill level 5 in Armour
 10594 | D:9      | Reached skill level 10 in Shields
 11115 | D:10     | Reached *** piety under Beogh
 11456 | D:10     | Reached skill level 12 in Axes
 11456 | D:10     | Reached XP level 10. HP: 41/80 MP: 10/10
 11550 | D:11     | Reached skill level 5 in Fighting
 11903 | D:11     | Found a staircase to the Lair.
 12850 | D:11     | Reached skill level 13 in Axes
 13399 | D:12     | Noticed Nessos
 13859 | D:12     | Noticed a two-headed ogre
 13865 | D:12     | Killed a two-headed ogre
 14338 | D:13     | Noticed a centaur warrior
 14351 | D:13     | Killed a centaur warrior
 14352 | D:13     | Reached XP level 11. HP: 53/94 MP: 11/11
 14909 | D:12     | Reached skill level 14 in Axes
 14909 | D:12     | Reached skill level 1 in Invocations
 16496 | D:13     | Noticed a tengu warrior
 16505 | D:13     | Killed a tengu warrior
 16924 | D:13     | Noticed a two-headed ogre
 17066 | D:12     | HP: 4/94 [Nessos (2)]
 17066 | D:12     | Mangled by Nessos

Illustrated notes

Levels and vault maps discovered:
D:1:      minmay_arrival_stone_box, layout_basic,
          hellmonk_ecumenical_altar_watching_god
D:2:      layout_basic, minmay_pentomino_r2
D:3:      layout_basic
D:4:      layout_cave_pods, dk_noncrumbling_4
D:5:      layout_basic, enter_ossuary_1, gup_sewer_entry_spiral
D:6:      layout_rooms, mainiacjoe_overflow_catwalk, serial_bayou_lagoon_b
D:7:      layout_basic, minmay_temple_entry_sparse_star
D:8:      layout_loops_ring
D:9:      layout_basic, orc_0_dummy, uniq_erica, uniq_prince_ribbit1
D:10:     layout_irregular_city
D:11:     layout_loops_ring, erik_lair_orcish_takeover
D:12:     layout_rooms, portal_ice_cave_entry_pillars_1, glass_columns_b,
          hangedman_misty_isle, uniq_nessos
D:13:     layout_loops_corners, hellmonk_bongcloud_opening

Skill      XL: |  1  2  3  4  5  6  7  8  9 10 11 |
---------------+----------------------------------+-----
Axes           | 3 4 5 6 7 8 10 12 13 14 | 14.4
Shields        | 4 5 6 7 9 10 12 | 12.5
Armour         | 5 |  5.4
Fighting       | 4 8 |  8.2
Invocations    | 3 |  3.6

Action                   |  1- 3 |  4- 6 |  7- 9 | 10-12 || total
-------------------------+-------+-------+-------+-------++-------
Melee: War axe           |    89 |   176 |   362 |   237 ||   864
Throw: Stone             |       |     2 |     1 |     1 ||     4
       Dart              |       |       |       |     5 ||     5
Invok: Convert to Beogh  |       |     1 |       |       ||     1
       Smiting           |       |       |       |     2 ||     2
Evoke: Wand              |       |       |    11 |       ||    11
  Use: Scroll            |       |     6 |     2 |     7 ||    15
       Potion            |       |     5 |     1 |     4 ||    10
Armor: Scale mail        |    33 |   125 |   152 |       ||   310
       Skin              |       |     5 |       |       ||     5
       Plate armour      |       |       |    46 |   180 ||   226
Dodge: Dodged            |    49 |    96 |   124 |    70 ||   339
Block: Buckler           |    29 |    50 |    87 |    77 ||   243
